SAAA
SANTA BARBARA GOLDEN CRANES @ VIOLA SWORDS
08/18/2020
 
TOP OF THE 1ST
Santa Barbara Golden Cranes batting - Pitching for Viola Swords : RHP Jim Unknown
Pitching: RHP Jim Unknown
Batting: RHB José Masaferro 0-0: Ball
1-0: SINGLE (Line Drive, 4D)
Batting: RHB Jesús Murillo 0-0: Called Strike
0-1: Called Strike
0-2: Ball
1-2: Ball
José Masaferro steals 2nd base
2-2: Strikes out swinging
Batting: LHB Marvin von Seydlitz 0-0: Swinging Strike
0-1: Called Strike
0-2: Ground out 4-3 (Groundball, 4)
José Masaferro to third
Batting: RHB Mark Dayment 0-0: Called Strike
0-1: Ball
1-1: Ground out 6-3 (Groundball, 6)
Top of the 1st over - 0 run(s), 1 hit(s), 0 error(s), 1 left on base; Santa Barbara 0 - Viola 0
BOTTOM OF THE 1ST
Viola Swords batting - Pitching for Santa Barbara Golden Cranes : RHP Donald Hutchinson
Pitching: RHP Donald Hutchinson
Batting: RHB Bill Newsome 0-0: Ground out 1-3 (Groundball, 15)
Batting: RHB Daniel Drake 0-0: Called Strike
0-1: Ball
1-1: Foul Ball, location: 2F
1-2: Ball
2-2: Ball
3-2: Ground out U3 (Groundball, 3S)
Batting: RHB Michael Bucknell 0-0: Ball
1-0: Foul Ball, location: 2F
1-1: Foul Ball, location: 2F
1-2: SINGLE (Groundball, 6MD)
Batting: RHB Steffen Taylor 0-0: Called Strike
0-1: Called Strike
Michael Bucknell steals 2nd base
0-2: Strikes out swinging
Bottom of the 1st over - 0 run(s), 1 hit(s), 0 error(s), 1 left on base; Santa Barbara 0 - Viola 0
TOP OF THE 2ND
Santa Barbara Golden Cranes batting - Pitching for Viola Swords : RHP Jim Unknown
Batting: RHB San-gui Liang 0-0: Ground out 6-3 (Groundball, 6)
Batting: RHB Mal Phillips 0-0: Ground out 6-3 (Groundball, 6)
Batting: RHB Ricardo Pérez 0-0: Ball
1-0: Ball
2-0: Called Strike
2-1: Swinging Strike
2-2: Foul Ball, location: 2F
2-2: Ball
3-2: Strikes out swinging
Top of the 2nd over - 0 run(s), 0 hit(s), 0 error(s), 0 left on base; Santa Barbara 0 - Viola 0
BOTTOM OF THE 2ND
Viola Swords batting - Pitching for Santa Barbara Golden Cranes : RHP Donald Hutchinson
Batting: RHB Thomas Teague 0-0: Ball
1-0: Fly out, F9 (Flyball, 9M)
Batting: RHB Trevor Gardner 0-0: Ball
1-0: Ball
2-0: Called Strike
2-1: Fly out, F8 (Flyball, 8LM)
Batting: LHB Gonzalo Durán 0-0: Ball
1-0: Foul Ball, location: 2F
1-1: Ball
2-1: Foul Ball, location: 2F
2-2: Foul Ball, location: 2F
2-2: Foul Ball, location: 2F
2-2: Foul Ball, location: 2F
2-2: Strikes out swinging
Bottom of the 2nd over - 0 run(s), 0 hit(s), 0 error(s), 0 left on base; Santa Barbara 0 - Viola 0
TOP OF THE 3RD
Santa Barbara Golden Cranes batting - Pitching for Viola Swords : RHP Jim Unknown
Batting: RHB Juan Jose Díaz 0-0: Ball
1-0: Ground out 5-3 (Groundball, 56)
Batting: RHB Tim Wilson 0-0: Ball
1-0: Fly out, F9 (Flyball, 9LM)
Batting: RHB José Masaferro 0-0: Ball
1-0: Ball
2-0: Called Strike
2-1: Called Strike
2-2: Foul Ball, location: 2F
2-2: SINGLE (Line Drive, 5D)
Batting: RHB Jesús Murillo 0-0: Ball
1-0: Ball
2-0: DOUBLE (Flyball, 8LXD)
José Masaferro to third
Batting: LHB Marvin von Seydlitz 0-0: Ball
1-0: Ball
2-0: Called Strike
2-1: Called Strike
2-2: SINGLE (Line Drive, 7LS)
José Masaferro scores
Jesús Murillo to third
Batting: RHB Mark Dayment 0-0: Called Strike
0-1: Ball
Wild Pitch!
Jesús Murillo scores
Marvin von Seydlitz to second
1-1: Ball
2-1: Ball
3-1: Called Strike
3-2: Base on Balls
Batting: RHB San-gui Liang 0-0: Ground out 4-3 (Groundball, 4S)
Top of the 3rd over - 2 run(s), 3 hit(s), 0 error(s), 2 left on base; Santa Barbara 2 - Viola 0
BOTTOM OF THE 3RD
Viola Swords batting - Pitching for Santa Barbara Golden Cranes : RHP Donald Hutchinson
Batting: RHB Ángel González 0-0: Ball
1-0: Foul Ball, location: 2F
1-1: Called Strike
1-2: Strikes out looking
Batting: RHB Pedro Sánchez 0-0: Called Strike
0-1: Swinging Strike
0-2: Strikes out swinging
Batting: RHB Bill Newsome 0-0: Ball
1-0: Ball
2-0: Ball
3-0: Base on Balls
Batting: RHB Daniel Drake 0-0: SINGLE (Line Drive, 78S)
Bill Newsome to second
Runner from 2nd tries for 3rd, SAFE, throw made to third
Batting: RHB Michael Bucknell 0-0: Fly out, F4 (Popup, 34D)
Bottom of the 3rd over - 0 run(s), 1 hit(s), 0 error(s), 2 left on base; Santa Barbara 2 - Viola 0
TOP OF THE 4TH
Santa Barbara Golden Cranes batting - Pitching for Viola Swords : RHP Jim Unknown
Batting: RHB Mal Phillips 0-0: Ground out 1-3 (Groundball, 23)
Batting: RHB Ricardo Pérez 0-0: Called Strike
0-1: Ground out 4-3 (Groundball, 4M)
Batting: RHB Juan Jose Díaz 0-0: Called Strike
0-1: Ball
1-1: Ball
2-1: Foul Ball, location: 2F
2-2: Ball
3-2: Fly out, F8 (Flyball, 8RS)
Top of the 4th over - 0 run(s), 0 hit(s), 0 error(s), 0 left on base; Santa Barbara 2 - Viola 0
BOTTOM OF THE 4TH
Viola Swords batting - Pitching for Santa Barbara Golden Cranes : RHP Donald Hutchinson
Batting: RHB Steffen Taylor 0-0: Ball
1-0: Swinging Strike
1-1: Ball
2-1: Ball
3-1: Fly out, F9 (Flyball, 89M)
Batting: RHB Thomas Teague 0-0: Called Strike
0-1: Ball
1-1: Called Strike
1-2: Ball
2-2: Ground out U3 (Groundball, 3)
Batting: RHB Trevor Gardner 0-0: Ball
1-0: Fly out, F9 (Line Drive, 9S)
Bottom of the 4th over - 0 run(s), 0 hit(s), 0 error(s), 0 left on base; Santa Barbara 2 - Viola 0
TOP OF THE 5TH
Santa Barbara Golden Cranes batting - Pitching for Viola Swords : RHP Jim Unknown
Batting: RHB Tim Wilson 0-0: Ball
1-0: Ball
2-0: Ball
3-0: Base on Balls
Batting: RHB José Masaferro 0-0: Bunted foul
0-1: Sac Bunt - play at first, batter OUT! 6-4
Tim Wilson to second
Batting: RHB Jesús Murillo 0-0: Ball
1-0: Called Strike
1-1: Foul Ball, location: 2F
1-2: Ball
2-2: Foul Ball, location: 2F
2-2: Foul Ball, location: 2F
2-2: Fly out, F8 (Flyball, 8RXD)
Runner from 2nd tags up, SAFE at 3rd, no throw
Batting: LHB Marvin von Seydlitz 0-0: Called Strike
0-1: Fly out, F8 (Flyball, 8LD)
Top of the 5th over - 0 run(s), 0 hit(s), 0 error(s), 1 left on base; Santa Barbara 2 - Viola 0
BOTTOM OF THE 5TH
Viola Swords batting - Pitching for Santa Barbara Golden Cranes : RHP Donald Hutchinson
Batting: LHB Gonzalo Durán 0-0: Called Strike
0-1: Ball
1-1: Foul Ball, location: 2F
1-2: Ball
2-2: Ground out U3 (Groundball, 3L)
Batting: RHB Ángel González 0-0: Ball
1-0: Ball
2-0: Foul Ball, location: 2F
2-1: Foul Ball, location: 2F
2-2: Strikes out looking
Batting: RHB Pedro Sánchez 0-0: Ball
1-0: Fly out, F8 (Flyball, 8LXD)
Bottom of the 5th over - 0 run(s), 0 hit(s), 0 error(s), 0 left on base; Santa Barbara 2 - Viola 0
TOP OF THE 6TH
Santa Barbara Golden Cranes batting - Pitching for Viola Swords : RHP Jim Unknown
Batting: RHB Mark Dayment 0-0: Ball
1-0: SINGLE (Groundball, 56D)
Batting: RHB San-gui Liang 0-0: Called Strike
0-1: Grounds into double play, 6-4-3 (Groundball, 6)
Batting: RHB Mal Phillips 0-0: Fly out, F7 (Line Drive, 7S)
Top of the 6th over - 0 run(s), 1 hit(s), 0 error(s), 0 left on base; Santa Barbara 2 - Viola 0
BOTTOM OF THE 6TH
Viola Swords batting - Pitching for Santa Barbara Golden Cranes : RHP Donald Hutchinson
Batting: RHB Bill Newsome 0-0: Called Strike
0-1: Ball
1-1: Called Strike
1-2: Ball
2-2: Ball
3-2: Strikes out swinging
Batting: RHB Daniel Drake 0-0: Ball
1-0: Called Strike
1-1: Foul Ball, location: 2F
1-2: Foul Ball, location: 2F
1-2: Ball
2-2: Foul Ball, location: 2F
2-2: Ball
3-2: Fly out, F8 (Flyball, 8LS)
Batting: RHB Michael Bucknell 0-0: Ball
1-0: Foul Ball, location: 2F
1-1: Ball
2-1: Foul Ball, location: 2F
2-2: Foul Ball, location: 2F
2-2: Ball
3-2: Ground out 5-3 (Groundball, 5L)
Bottom of the 6th over - 0 run(s), 0 hit(s), 0 error(s), 0 left on base; Santa Barbara 2 - Viola 0
TOP OF THE 7TH
Santa Barbara Golden Cranes batting - Pitching for Viola Swords : RHP Jim Unknown
Batting: RHB Ricardo Pérez 0-0: Ball
1-0: Ball
2-0: SINGLE (Groundball, 25) (infield hit)
Batting: RHB Juan Jose Díaz 0-0: Foul Ball, location: 2F
0-1: Grounds into double play, 6-4-3 (Groundball, 6M)
Batting: RHB Tim Wilson 0-0: Called Strike
0-1: Swinging Strike
0-2: Ball
1-2: Ground out 6-3 (Groundball, 56)
Top of the 7th over - 0 run(s), 1 hit(s), 0 error(s), 0 left on base; Santa Barbara 2 - Viola 0
BOTTOM OF THE 7TH
Viola Swords batting - Pitching for Santa Barbara Golden Cranes : RHP Donald Hutchinson
Batting: RHB Steffen Taylor 0-0: Ball
1-0: Called Strike
1-1: Called Strike
1-2: SINGLE (Groundball, 34)
Batting: RHB Thomas Teague 0-0: DOUBLE (Line Drive, 7LM)
Steffen Taylor to third
Pinch Hitting: LHB Keith Gardner 0-0: Foul Ball, location: 2F
0-1: Ball
1-1: Foul Ball, location: 2F
1-2: Foul Ball, location: 2F
1-2: Ground out 6-3 (Groundball, 6MS)
Steffen Taylor scores
Thomas Teague to third
Pinch Hitting: RHB Jim Unknown 0-0: Ball
1-0: Swinging Strike
1-1: Called Strike
1-2: Ball
2-2: Strikes out swinging
Pinch Hitting: LHB Jim Unknown 0-0: Foul Ball, location: 2F
0-1: Swinging Strike
0-2: Ball
1-2: Foul Ball, location: 2F
1-2: Strikes out looking
Bottom of the 7th over - 1 run(s), 2 hit(s), 0 error(s), 1 left on base; Santa Barbara 2 - Viola 1
TOP OF THE 8TH
Santa Barbara Golden Cranes batting - Pitching for Viola Swords : RHP Jim Unknown
Now at 2B: Jim Unknown
Now at SS: Paul Arthur
Now in LF: Keith Gardner
Batting: RHB José Masaferro 0-0: Called Strike
0-1: Ball
1-1: Ball
2-1: Called Strike
2-2: Foul Ball, location: 2F
2-2: Strikes out swinging
Batting: RHB Jesús Murillo 0-0: Ball
1-0: Called Strike
1-1: Called Strike
1-2: Ball
2-2: Strikes out looking
Batting: LHB Marvin von Seydlitz 0-0: Called Strike
0-1: Ball
1-1: Ball
2-1: Called Strike
2-2: Ground out 4-3 (Groundball, 4)
Top of the 8th over - 0 run(s), 0 hit(s), 0 error(s), 0 left on base; Santa Barbara 2 - Viola 1
BOTTOM OF THE 8TH
Viola Swords batting - Pitching for Santa Barbara Golden Cranes : RHP Donald Hutchinson
Batting: RHB Pedro Sánchez 0-0: Swinging Strike
0-1: Ball
1-1: Swinging Strike
1-2: Ball
2-2: Ball
3-2: Base on Balls
Batting: RHB Bill Newsome 0-0: Ball
1-0: Ball
2-0: Called Strike
2-1: Ball
3-1: Reached on error, E5 (Groundball, 5)
Pedro Sánchez to second
Batting: RHB Daniel Drake 0-0: SINGLE (Groundball, 34D)
Pedro Sánchez to third
Bill Newsome to second
Batting: RHB Michael Bucknell 0-0: Ball
1-0: Called Strike
1-1: Foul Ball, location: 2F
1-2: Ball
2-2: Strikes out swinging
Pitching: LHP Jim Unknown
Batting: RHB Steffen Taylor 0-0: Swinging Strike
0-1: Ball
1-1: Ball
2-1: SINGLE (Flyball, 4D)
Pedro Sánchez scores
Bill Newsome to third
Daniel Drake to second
Batting: RHB Thomas Teague 0-0: Ball
1-0: Swinging Strike
1-1: Foul Ball, location: 2F
1-2: Grounds into double play, 6-4-3 (Groundball, 6)
Bottom of the 8th over - 1 run(s), 2 hit(s), 1 error(s), 2 left on base; Santa Barbara 2 - Viola 2
TOP OF THE 9TH
Santa Barbara Golden Cranes batting - Pitching for Viola Swords : RHP Jim Unknown
Pinch Hitting: LHB Jim Unknown 0-0: Fly out, F4 (Popup, 4M)
Batting: RHB San-gui Liang 0-0: Ground out 4-3 (Groundball, 4M)
Batting: RHB Mal Phillips 0-0: Ball
1-0: Ball
2-0: SINGLE (Flyball, 8RS)
Pitching: RHP Jim Unknown
Pinch Hitting: RHB Carlos Rodríguez 0-0: Ball
1-0: Called Strike
1-1: Ball
2-1: Foul Ball, location: 2F
2-2: Foul Ball, location: 2F
2-2: DOUBLE (Line Drive, 7D)
Mal Phillips to third
Batting: RHB Juan Jose Díaz 0-0: Ball
1-0: Ball
2-0: Ball
3-0: Called Strike
3-1: Foul Ball, location: 2F
3-2: Foul Ball, location: 2F
3-2: Base on Balls
Pinch Hitting: RHB Seth Varela 0-0: Ball
1-0: Ball
2-0: Swinging Strike
2-1: SINGLE (Groundball, 6M)
Mal Phillips scores
Carlos Rodríguez to third
Juan Jose Díaz to second
Runner from 3rd tries for Home, SAFE, no throw or cutoff
Pitching: RHP Melvin Richards
Batting: RHB José Masaferro 0-0: Ball
Wild Pitch!
Juan Jose Díaz to third
Seth Varela to second
1-0: Ball
2-0: Ball
3-0: Base on Balls
Pinch Hitting: LHB Miguel Mendoza 0-0: Foul Ball, location: 2F
0-1: Swinging Strike
0-2: Ball
1-2: Strikes out swinging
Top of the 9th over - 2 run(s), 3 hit(s), 0 error(s), 3 left on base; Santa Barbara 4 - Viola 2
BOTTOM OF THE 9TH
Viola Swords batting - Pitching for Santa Barbara Golden Cranes : LHP Jim Unknown
Now at 2B: Carlos Rodríguez
Now in LF: Jim Unknown
Batting: LHB Keith Gardner 0-0: Foul Ball, location: 2F
Now in CF: Jim Unknown
Now in RF: Jim Unknown 0-1: Swinging Strike
0-2: Ball
1-2: Ball
2-2: Fly out, F8 (Flyball, 8LM)
Batting: RHB Jim Unknown 0-0: Ground out 4-3 (Groundball, 4M)
Batting: RHB Paul Arthur 0-0: Called Strike
0-1: Called Strike
0-2: Foul Ball, location: 2F
0-2: Strikes out swinging
Bottom of the 9th over - 0 run(s), 0 hit(s), 0 error(s), 0 left on base; Santa Barbara 4 - Viola 2
This league is powered by Out of the Park Baseball, the baseball management simulation game for PC, Mac and Linux
Friday, October 23rd, 2015 - OOTP Baseball 16.9 Build 39